[Event "FIDE WSTC Open 50 2025"]
[Site "Prague"]
[Date "2025.02.23"]
[Round "6.37"]
[White "Wang, Pin"]
[Black "Muir, Andrew J"]
[Result "1-0"]
[Annotator "TA"]
[ECO "B31"]
[WhiteElo "2389"]
[BlackElo "2166"]
[PlyCount "99"]
[EventDate "2025.02.17"]
[EventType "team-tourn"]
[EventCountry "CZE"]
[SourceTitle "playchess.com"]
[Source "ChessBase"]
[SourceQuality "1"]
[TimeControl "40/5400+30:1800+30"]

1. e4 c5 2. Nf3 Nc6 3. Bb5 g6 4. Bxc6 dxc6 5. d3 Bg7 6. h3 Nf6 7. Nc3 Nd7 {[%emt 0:00:50] 7...0-0 is not played anymore.} 8. Be3 e5 9. Qd2 h6 {[%emt 0:00:54] B31: Sicilian: 2...Nc6 3 Bb5 g6.} 10. O-O b6 11. Nh2 Nf8 {[%emt 0:00:30] The position is equal.} 12. f4 exf4 13. Bxf4 Be6 14. Rae1 g5 15. Bg3 Qd7 (15... Qd4+ $11 {should be considered.} 16. Kh1 Ng6) 16. e5 $146 ({Predecessor:} 16. Kh1 Ng6 17. e5 O-O-O 18. a4 c4 19. a5 Kb7 20. Ne4 Bf8 21. Nd6+ Bxd6 22. exd6 {0-1 Scherler,J (1968)-Bouska,J (2070) Bassano del Grappa Easter op-A 2nd 2022 (4)}) 16... O-O-O {[%emt 0:09:03][%cal Be8c8,Bc8b7,Bb7a8,Ba8b8][%mdl 32] White now steadily converts the win.} 17. Nf3 Bd5 18. Qf2 Ne6 19. Nd2 {[%emt 0:03:00][%csl Of7] White attacks a weakness} Rhf8 20. Nde4 Bxe4 21. Nxe4 (21. Rxe4 Nd4 $11) 21... Kb7 22. Nd6+ Ka8 {[%emt 0:01:27][%cal Of7f5] [#]} 23. Qxf7 {[%emt 0:01:32][%mdl 512] White has more active pieces.} Rxf7 (23... Qxf7 24. Rxf7) 24. Rxf7 Qxf7 25. Nxf7 Rd5 26. h4 Kb8 $2 (26... gxh4 $16 {was called for.} 27. Bxh4 c4) 27. hxg5 $18 hxg5 {[%emt 0:00:05] [#]} 28. Nxg5 $1 Nc7 (28... Nxg5 $2 29. e6+ Kc8 30. e7 $18) 29. Kf2 Kc8 30. Bf4 Rd8 31. g3 Rh8 32. Kf3 Rh2 33. Re2 Rh1 34. c3 Kd8 35. d4 cxd4 36. cxd4 Ke7 37. Rc2 Nb5 38. Be3 ({Not} 38. Rxc6 Nxd4+ 39. Kg2 Nxc6 $14) 38... Kd7 39. a4 Nc7 40. e6+ Ke7 (40... Nxe6 $142 41. Nxe6 Kxe6 42. Rxc6+ Kd7) 41. Rxc6 Nd5 42. Bf2 Rd1 43. Ke4 {[%emt 0:00:00] White is clearly winning.} Nf6+ 44. Kf5 Nd5 {[%emt 0:00:00] Repels Rc7+} 45. Ne4 Bxd4 (45... Rf1 $142 46. Kg6 Bh8) 46. Bxd4 Rxd4 47. Ke5 Rd1 48. g4 {[%emt 0:00:00] Black must now prevent Nd6.} Nb4 49. Rc7+ Kd8 50. e7+ {[%emt 0:00:00] Weighted Error Value: White=0.13 (very precise) /Black=0.52  Mistake:       	---       	Black=4      Inaccurate:     	---       	Black=3      OK:         	White=16    	Black=12     Best:        	White=3     	Black=2} (50. Rxa7 $2 {loses.} Nc6+ 51. Kf6 Nxa7 $19) 1-0

[Event "FIDE WSTC Open 50 2025"]
[Site "Prague"]
[Date "2025.02.23"]
[Round "6.38"]
[White "Neave, George"]
[Black "Ning, Chunhong"]
[Result "1/2-1/2"]
[Annotator "ChessBase"]
[ECO "D35"]
[WhiteElo "2074"]
[BlackElo "2257"]
[PlyCount "41"]
[EventDate "2025.02.17"]
[EventType "team-tourn"]
[EventCountry "CZE"]
[SourceTitle "playchess.com"]
[Source "ChessBase"]
[SourceQuality "1"]
[TimeControl "40/5400+30:1800+30"]

1. d4 d5 2. c4 e6 3. Nc3 Nf6 4. cxd5 exd5 5. Bg5 c6 6. e3 Be7 7. Bd3 O-O 8. Nge2 Nbd7 9. O-O Re8 10. Qc2 Nf8 11. f3 h6 12. Bh4 Ne6 13. Rad1 b6 14. Kh1 Bb7 15. Qd2 b5 16. Bf2 b4 17. Na4 Qa5 18. b3 c5 19. Nxc5 Nxc5 20. dxc5 Bxc5 21. Nd4 1/2-1/2

[Event "FIDE WSTC Open 50 2025"]
[Site "Prague"]
[Date "2025.02.23"]
[Round "6.39"]
[White "Guo, Yun"]
[Black "Robertson, Ian C."]
[Result "1/2-1/2"]
[Annotator "ChessBase"]
[ECO "C41"]
[WhiteElo "2213"]
[BlackElo "2064"]
[PlyCount "38"]
[EventDate "2025.02.17"]
[EventType "team-tourn"]
[EventCountry "CZE"]
[SourceTitle "playchess.com"]
[Source "ChessBase"]
[SourceQuality "1"]
[TimeControl "40/5400+30:1800+30"]

1. e4 e5 2. Nf3 d6 3. d4 exd4 4. Nxd4 Nf6 5. Nc3 Be7 6. Be2 O-O 7. O-O a6 8. a4 Re8 9. f4 Bf8 10. Bf3 c5 11. Nde2 Nc6 12. h3 Qb6 13. Kh2 Be6 14. b3 Rad8 15. f5 Bd7 16. Nf4 Nb4 17. Nfd5 Nbxd5 18. Nxd5 Nxd5 19. Qxd5 Bc6 1/2-1/2

[Event "FIDE WSTC Open 50 2025"]
[Site "Prague"]
[Date "2025.02.23"]
[Round "6.40"]
[White "Sanger, Mark"]
[Black "Liu, Shilan"]
[Result "0-1"]
[Annotator "RC"]
[ECO "B23"]
[WhiteElo "2135"]
[BlackElo "2093"]
[PlyCount "82"]
[EventDate "2025.02.17"]
[EventType "team-tourn"]
[EventCountry "CZE"]
[SourceTitle "playchess.com"]
[Source "ChessBase"]
[SourceQuality "1"]
[TimeControl "40/5400+30:1800+30"]

1. e4 c5 2. Nc3 Nc6 3. f4 e6 4. Nf3 d5 5. e5 Nge7 6. d4 Nxd4 7. Nxd4 cxd4 8. Qxd4 Bd7 9. Bd3 Nc6 10. Qf2 Bb4 11. O-O O-O 12. Qg3 Bc5+ 13. Kh1 f5 14. exf6 Qxf6 15. Qh3 Qh6 16. Qxh6 gxh6 17. f5 h5 18. Bh6 Rf7 19. Rae1 Re8 20. Rf3 Nb4 21. fxe6 Rxf3 22. gxf3 Nxd3 23. cxd3 Rxe6 24. Rxe6 Bxe6 25. Kg2 Kf7 26. Nb5 d4 27. Bf4 Bxa2 28. Nd6+ Ke6 29. Nxb7 Bb6 30. b4 Bb1 31. Kf2 Bxd3 32. Nc5+ Bxc5 33. bxc5 Kd5 34. Bd6 a5 35. Ke1 a4 36. Kd2 a3 37. Kc1 Kc6 38. Bf8 Bf5 39. f4 h4 40. Be7 h3 41. Bf8 a2 0-1

[Event "FIDE WSTC Open 50 2025"]
[Site "Prague"]
[Date "2025.02.24"]
[Round "7.1"]
[White "Ehlvest, Jaan"]
[Black "David, Alberto"]
[Result "1/2-1/2"]
[Annotator "TA"]
[ECO "B10"]
[WhiteElo "2531"]
[BlackElo "2467"]
[PlyCount "39"]
[EventDate "2025.02.17"]
[EventType "team-tourn"]
[EventCountry "CZE"]
[SourceTitle "playchess.com"]
[Source "ChessBase"]
[SourceQuality "1"]
[TimeControl "40/5400+30:1800+30"]

1. e4 c6 2. Nf3 d5 3. d3 Bg4 4. h3 Bxf3 5. Qxf3 e6 6. Nd2 {[%emt 0:03:21] B10: Caro-Kann: 2 d3 and 2 c4.} Nf6 7. Be2 Bd6 8. d4 {[%emt 0:01:21] [#] e5 would now be deadly. White has an edge.} dxe4 9. Nxe4 Nxe4 10. Qxe4 Nd7 11. O-O Nf6 12. Qf3 O-O 13. a4 a5 14. c3 h6 $146 ({Predecessor:} 14... Nd5 15. g3 Qf6 16. Re1 Rfe8 17. Qxf6 Nxf6 18. Bc4 Kf8 19. Kg2 Re7 20. Be3 Nd5 {½-½ Nakamura,H (2795)-Murzin,V (2534) Wch Rapid Almaty 2022 (8)}) 15. g3 Bc7 16. Bc4 Rb8 17. Bb3 Nd5 18. Bc2 Nf6 19. Bb3 Nd5 20. Bc2 {Weighted Error Value: White=0.07 (flawless) /Black=0.06 (flawless)   Mistake:       	White=1     	---        OK:         	White=5     	Black=4} ({White should play} 20. Bd2 $14) 1/2-1/2

[Event "FIDE WSTC Open 50 2025"]
[Site "Prague"]
[Date "2025.02.24"]
[Round "7.2"]
[White "Godena, Michele"]
[Black "Kaidanov, Gregory"]
[Result "1-0"]
[Annotator "TA"]
[ECO "B22"]
[WhiteElo "2439"]
[BlackElo "2513"]
[PlyCount "119"]
[EventDate "2025.02.17"]
[EventType "team-tourn"]
[EventCountry "CZE"]
[SourceTitle "playchess.com"]
[Source "ChessBase"]
[SourceQuality "1"]
[TimeControl "40/5400+30:1800+30"]

1. e4 c5 2. c3 Nf6 3. e5 Nd5 4. Bc4 Nb6 5. Bb3 c4 6. Bc2 d6 7. exd6 Qxd6 8. Nf3 Nc6 9. O-O Bg4 {[%emt 0:00:17] B22: Sicilian: 2 c3.} 10. Re1 $1 {[%emt 0:04:42] 10.Re1 is better than 10.h3. Prevents Ne5.} Qf6 11. Be4 $1 {[%emt 0:02:52][%csl Of8] Black has a bad bishop} O-O-O {[%emt 0:10:18] White is slightly better.} 12. Qe2 Ne5 {[%emt 0:12:47] [#]} (12... Bh5 $14) 13. Bxb7+ $1 $16 Kxb7 14. Qe4+ $146 (14. Qxe5 $6 Bxf3 15. gxf3 Qxf3 $15) (14. Qxe5 Bxf3 15. Qxf6 exf6 16. gxf3 Bc5 17. b4 Bd6 18. a4 Rhe8 19. Rf1 Re5 20. a5 {0-1 Romero Ruscalleda,J (2153)-Baltaci,I (2084) Titled Tuesday intern op 11th Jun Late blitz 2024 (11)}) 14... Qc6 {[%emt 0:00:16] A sharp opening} 15. Nxe5 (15. Qxe5 $6 Bxf3 16. gxf3 Qxf3 $11) 15... Qxe4 16. Rxe4 Be6 17. b3 cxb3 18. axb3 Bxb3 19. c4 f5 20. Rf4 (20. Nf7 {simplifies} fxe4 21. Nxd8+ Kc8 22. Nf7) 20... g5 (20... g6 $14) 21. Rxf5 Bg7 22. Nc3 (22. Rxg5 $6 Bf6 23. Rh5 Bd1 $14 (23... Nxc4 24. Nxc4 Bxc4 25. Ra4 $11)) (22. Na3 $1 $16) 22... Bxc4 (22... h6 $14 23. Rf7 Bxe5 24. Rxe7+ Kc6 25. Rxe5 Rhe8 26. Rxe8 Rxe8) 23. Rxg5 Bf6 24. Rh5 Be6 25. Ne4 {[%emt 0:03:30] A dynamic duo of knights.} (25. h3 $16) 25... Rd5 $1 $14 26. Bb2 h6 (26... Nc4 $11 27. Nxc4 (27. Nxf6 exf6 28. Nxc4 Rxh5 $11) 27... Rxh5) 27. d4 {[%emt 0:03:20] White is more active.} (27. f4 $16) 27... Bxe5 ({Black should play} 27... Nc4 $14) 28. Rxe5 $16 (28. dxe5 Nc4 $18) 28... Rxe5 29. dxe5 {[%emt 0:00:02] and Nc5+ should not be overlooked} Bd5 30. Nc5+ Kc6 31. Nd3 Kb7 32. Nc5+ Kc6 33. Nd3 Kb7 $1 34. Ba3 e6 35. Bd6 (35. Bc5 $16) 35... Nc4 36. Bc5 (36. Rb1+ $16 Ka8 37. Ra1) 36... a5 $11 37. f4 Ra8 38. g4 Kc6 39. Bf2 Rg8 40. h3 h5 (40... Rb8 $11 {remains equal.}) 41. g5 $16 Rb8 {[%emt 0:05:04] [#]} 42. f5 Be4 $1 $14 43. Nf4 Bxf5 44. Rc1 Kb5 {[%emt 0:06:27][%mdl 8192] [#]} (44... Rb1 $11 45. Rxb1 Bxb1) 45. Nxe6 $1 $18 Rg8 (45... Bxe6 46. Rb1+) 46. Nc7+ ({Much less strong is} 46. Nd4+ Ka6 47. h4 (47. Nxf5 Rxg5+ 48. Kf1 Nd2+ 49. Ke2 Rxf5 $18) 47... Bd3 $18) 46... Kb4 47. Nd5+ Kb5 48. Nc7+ Kb4 49. Nd5+ Kb5 50. h4 Rd8 $2 (50... Rc8 51. Ne7 Rf8 52. Nxf5 (52. g6 Bxg6 53. Re1 Bc2 $11) 52... Rxf5) 51. Nc7+ Kb4 52. e6 Rc8 53. Nd5+ Kb5 54. Ne7 Rf8 55. Nxf5 Rxf5 56. e7 Re5 57. Re1 {[%emt 0:00:10] White mates.} Rxe1+ 58. Bxe1 Nd6 59. Bg3 Ne8 60. Be5 {[%emt 0:00:35] Weighted Error Value: White=0.35/Black=0.53  Loses game:     	---       	Black=1      Mistake:       	White=6     	Black=7      Inaccurate:     	White=1     	Black=3      OK:         	White=10    	Black=9      Best:        	White=3     	Black=8      Strong:       	White=1     	Black=3      Brilliant:      	White=2     	---} 1-0

[Event "FIDE WSTC Open 50 2025"]
[Site "Prague"]
[Date "2025.02.24"]
[Round "7.3"]
[White "Shabalov, Alexander"]
[Black "Bellini, Fabio"]
[Result "1-0"]
[Annotator "TA"]
[ECO "C65"]
[WhiteElo "2471"]
[BlackElo "2408"]
[PlyCount "81"]
[EventDate "2025.02.17"]
[EventType "team-tourn"]
[EventCountry "CZE"]
[SourceTitle "playchess.com"]
[Source "ChessBase"]
[SourceQuality "1"]
[TimeControl "40/5400+30:1800+30"]

1. e4 e5 2. Nf3 Nc6 3. Bb5 Nf6 4. d3 Bc5 5. c3 O-O 6. Bg5 {[%emt 0:01:48] C65: Ruy Lopez: Berlin Defence (3...Nf6), unusual lines and 4 0-0 Bc5.} h6 7. Bh4 Be7 8. O-O {[%emt 0:08:10] The position is equal.} d6 9. Re1 $146 ({Predecessor:} 9. Bg3 a6 10. Ba4 Nh5 11. Nbd2 Nxg3 12. hxg3 Nb8 13. d4 Bf6 14. Re1 g6 15. Nf1 {½-½ Rapport,R (2715)-Vidit,S (2721) Tashkent UzChess Masters 2024 (6)}) 9... Nh5 10. Bg3 Nxg3 11. hxg3 f5 12. exf5 Bxf5 13. Nbd2 Bf6 14. d4 exd4 15. Nb3 d3 16. Bxd3 Qd7 17. Qc2 Bxd3 18. Qxd3 Qf7 19. Re2 a6 20. Rae1 Rfe8 21. Kf1 Rxe2 22. Rxe2 Re8 23. Rxe8+ Qxe8 24. Nbd2 Qe6 25. a3 b5 26. a4 Ne5 27. Qe2 bxa4 28. Qxa6 Nxf3 29. gxf3 $11 {[%emt 0:00:50][%mdl 4096] Endgame KQB-KQN} Qd5 (29... Qa2 $14) 30. Ne4 $16 Qd1+ 31. Kg2 Be7 (31... Kh7 {was necessary.} 32. Qc8 Be5 33. Qf5+ (33. Qxc7 Qb1 $16) 33... Kg8 34. Qe6+ Kh7) 32. Qc8+ $18 Kf7 33. Qxc7 Qd5 34. Qd7 Qe5 35. Qxa4 d5 36. Qb5 Qe6 37. Nc5 Qf5 38. Na4 {[%emt 0:03:17] White is clearly winning.} Bd6 39. Nb6 Bxg3 40. fxg3 Qc2+ 41. Kf1 {[%emt 0:30:08] Weighted Error Value: White=0.04 (flawless) /Black=0.28 (precise)   Mistake:       	---       	Black=2      Inaccurate:     	---       	Black=4      OK:         	White=14    	Black=16     Best:        	White=2     	Black=1} 1-0

[Event "FIDE WSTC Open 50 2025"]
[Site "Prague"]
[Date "2025.02.24"]
[Round "7.4"]
[White "Bellia, Fabrizio"]
[Black "Novikov, Igor"]
[Result "1/2-1/2"]
[Annotator "TA"]
[ECO "B53"]
[WhiteElo "2393"]
[BlackElo "2490"]
[PlyCount "65"]
[EventDate "2025.02.17"]
[EventType "team-tourn"]
[EventCountry "CZE"]
[SourceTitle "playchess.com"]
[Source "ChessBase"]
[SourceQuality "1"]
[TimeControl "40/5400+30:1800+30"]

1. e4 c5 2. Nf3 d6 3. d4 cxd4 4. Qxd4 Nf6 5. Bg5 Nc6 6. Bb5 {[%emt 0:00:25] B53: Sicilian: 2...d6: Lines with Qxd4.} Qa5+ 7. Nc3 Qxb5 8. Nxb5 {[%emt 0:01:11] White has an edge.} Nxd4 9. Nfxd4 {[%emt 0:00:53] [#]} Nxe4 10. Nc7+ $1 Kd8 $1 11. Nxa8 {[%emt 0:00:22] A sharp opening} Nxg5 12. Nb5 a6 13. Nc3 b5 {[%emt 0:08:08] [#]} 14. O-O {[%emt 0:07:43] 14.h4 gains popularity.} (14. Nb6 $16) 14... Bb7 $11 15. Nb6 {[%emt 0:00:11] Black should prevent a4.} Ne4 $146 (15... e6 $11) (15... e6 16. a4 Kc7 17. a5 h5 18. h4 Nh7 19. Ne2 d5 20. b3 g5 21. c4 dxc4 22. bxc4 {½-½ Drozdowski,K (2454)-Vachier Lagrave,M (2754) Titled Tuesday intern op 2nd May blitz 2015 (2)}) 16. Nxe4 $16 Bxe4 17. Rfe1 (17. c4 $142) 17... Bb7 {[%emt 0:08:28] aiming for ...Kc7.} 18. c4 Kc7 $1 19. Nd5+ Kd7 20. a4 {[%emt 0:10:49][%cal Ba2a4,Ba4a5][%mdl 32] White has more active pieces.} e6 21. Nb6+ Kc6 (21... Kc7 $142 22. a5 bxc4) 22. a5 {[%emt 0:00:30] And now cxb5+ would win.} b4 23. b3 ({White should try} 23. Re3 $16) 23... g6 24. Rad1 ({Don't do} 24. Ra4 $6 Bg7 $16) 24... Bg7 25. Re3 h5 26. h4 (26. Rf3 $5 Rf8 $8 27. Rfd3 $14) 26... Kc7 27. g3 Bc6 28. Red3 Rd8 29. Re1 Bc3 {[%emt 0:05:31] A strong pair of Bishops.} 30. Rc1 (30. Ree3 $11) 30... Bb2 (30... d5 $1 $15 31. cxd5 exd5) 31. Re1 Bc3 32. Rc1 (32. Ree3 $11) 32... Bb2 ({Black should play} 32... d5 $1 $15 33. cxd5 exd5) 33. Re1 {[%emt 0:00:05] Weighted Error Value: White=0.23 (precise) /Black=0.18 (very precise)   Mistake:       	White=5     	Black=4      Inaccurate:     	White=1     	Black=3      OK:         	White=8     	Black=10     Best:        	White=2     	Black=4      Strong:       	White=1     	Black=2} 1/2-1/2

[Event "FIDE WSTC Open 50 2025"]
[Site "Prague"]
[Date "2025.02.24"]
[Round "7.5"]
[White "Ftacnik, Lubomir"]
[Black "Adams, Michael"]
[Result "1-0"]
[Annotator "TA"]
[ECO "A17"]
[WhiteElo "2438"]
[BlackElo "2664"]
[PlyCount "79"]
[EventDate "2025.02.17"]
[EventType "team-tourn"]
[EventCountry "CZE"]
[SourceTitle "playchess.com"]
[Source "ChessBase"]
[SourceQuality "1"]
[TimeControl "40/5400+30:1800+30"]

1. Nf3 Nf6 2. c4 e6 3. Nc3 Bb4 4. g3 O-O 5. Bg2 d5 6. a3 Bxc3 {[%emt 0:00:07] was the old line (6...Be7).} (6... Be7 7. d4 dxc4 8. Ne5 Nc6 9. Nxc6 bxc6 10. Bxc6 Rb8 11. O-O Bb7 12. Bxb7 Rxb7 13. e4 Rb3 14. Be3 Rxb2 15. Qa4 Ng4 16. Qxc4 Bg5 17. Nd1 Nxe3 18. fxe3 Rb6 19. Rc1 {½-½ Ftacnik,L (2580)-Adams,M (2744) Bundesliga 0102 2001 (5.2)}) 7. bxc3 c5 {[%emt 0:00:21] A17: English Opening: 1...Nf6 with ...Bb4.} 8. cxd5 exd5 9. O-O Nc6 {[%emt 0:05:27] The position is equal.} 10. d4 Ne4 11. dxc5 Re8 {[%emt 0:06:07][%cal Bf8e8,Be8e2,Be2b2][%mdl 32] Black sacrificed a pawn} 12. Qc2 Qf6 13. Bb2 $146 (13. Nd4 Nxc3 14. Qxc3 Qxd4 15. Qxd4 Nxd4 16. e3 Nb3 17. Rb1 Nxc5 18. Bxd5 Bh3 19. Rd1 Rad8 20. Rb4 Be6 21. Rbd4 Nb3 22. Bxb3 {½-½ Sorokin,A (2537)-Dragun,K (2548) Pan American Intercollegiate-chT 2023 (3)}) 13... Bf5 {[%emt 0:03:31][%cal Oe4g3] Hoping for ...Nxg3!.} 14. Qb3 Nxc5 {[%emt 0:13:16] A dynamic duo of knights.} 15. Qxd5 Rxe2 16. Qxc5 Rxb2 17. Rad1 b6 18. Qd6 Rc8 {[%emt 0:13:07] [#]} (18... Qxc3 $2 19. Nh4 Bg4 20. Bxc6 $18 (20. Qxc6 Qxc6 21. Bxc6 Rc8 $18)) (18... Re8 $11) 19. Nh4 $1 $16 Bg4 $2 {[%emt 0:04:23] [#] This costs Black the game.} (19... Qxd6 $16 20. Rxd6 Ne7) 20. Bxc6 $1 $18 Bxd1 21. Qxf6 gxf6 22. Rxd1 (22. Bd7 Be2 23. Bxc8 Bxf1 24. Kxf1 Ra2 $15) 22... Re2 (22... Rxc6 $2 23. Rd8+ Kg7 24. Nf5+ Kg6 25. Ne7+ Kh6 26. Nxc6 $18) 23. Bb5 Re5 24. c4 Kf8 25. Ng2 Ra8 26. Ne3 a6 27. Bc6 Rb8 28. Bd5 Re7 29. Rb1 Rc7 30. a4 Rc5 31. Kf1 Ke8 32. Ke2 Ra5 33. Rb4 Kd7 34. Kd3 b5 35. axb5 ({Less strong is} 35. Bxf7 Rxa4 36. Kc3 Rxb4 37. Kxb4 bxc4+ 38. Kc3 (38. Kxc4 a5 $16) 38... a5 39. Bxc4 (39. Nxc4 a4 $16) 39... a4 $18) 35... axb5 36. c5 Ra4 37. Rb3 Kc7 38. Bg2 {[%emt 0:01:59] Nd5+ is the strong threat.} ({Don't do} 38. Bxf7 Kc6 39. Bd5+ Kxc5 40. Rc3+ Kb4 $18) 38... Ra1 39. Nd5+ Kc6 40. Nxf6+ {[%emt 0:00:38] Weighted Error Value: White=0.03 (flawless) /Black=0.26 (precise)   Loses game:     	---       	Black=1      Mistake:       	---       	Black=1      Inaccurate:     	White=1     	Black=1      OK:         	White=24    	Black=8      Best:        	---       	Black=1      Strong:       	White=2     	---} 1-0

[Event "FIDE WSTC Open 50 2025"]
[Site "Prague"]
[Date "2025.02.24"]
[Round "7.6"]
[White "Conquest, Stuart C"]
[Black "Mrva, Martin"]
[Result "1-0"]
[Annotator "TA"]
[ECO "A45"]
[WhiteElo "2513"]
[BlackElo "2394"]
[PlyCount "157"]
[EventDate "2025.02.17"]
[EventType "team-tourn"]
[EventCountry "CZE"]
[SourceTitle "playchess.com"]
[Source "ChessBase"]
[SourceQuality "1"]
[TimeControl "40/5400+30:1800+30"]

1. d4 Nf6 2. Bg5 e6 3. e4 h6 4. Bxf6 Qxf6 5. c3 d6 6. Bd3 e5 {[%emt 0:04:10] A45: Trompowsky Attack.} 7. Ne2 Qd8 8. O-O Be7 {[%emt 0:01:08] White has an edge.} 9. Nd2 O-O 10. f4 Bf6 11. Nf3 Nc6 12. h3 g6 13. Qd2 Bg7 14. Rad1 Qe7 15. Rde1 $146 ({Predecessor:} 15. b4 exd4 16. Nexd4 Bd7 17. Rde1 a6 18. Bc4 Nxd4 19. cxd4 c6 20. Kh1 Rac8 21. a3 {1-0 Malek,D (2430)-Petrova,K (2282) Olomouc IM-B 19th 2016 (1)}) 15... a6 16. a3 Bd7 17. Rf2 Rad8 18. Kh1 Bc8 19. Qc1 Rfe8 20. Bb1 b5 21. Ba2 Rf8 22. b4 Kh7 23. Bd5 Bd7 24. Qd2 (24. f5 {feels hotter.} Bf6 25. Qd2 a5 26. Kg1) 24... Be8 (24... Qe8 $14) 25. Qc2 (25. f5 $16) 25... Nb8 $14 26. Ba2 Nd7 27. Ng3 c6 28. Qc1 Bf6 29. Kh2 Bg7 30. Ref1 exf4 31. Qxf4 c5 (31... Nb6 $11) 32. Re1 {[%emt 0:01:33] White has more active pieces.} (32. bxc5 $1 $16 dxc5 33. Qc7 (33. e5 f6 $16)) 32... cxd4 33. cxd4 Nf6 (33... Nb6 $11) 34. Bb1 (34. Qc1 $14) 34... Bd7 (34... Bc6 $11 {remains equal.}) 35. Nf5 $1 $16 Nh5 (35... gxf5 36. exf5 $16) (35... Bxf5 $16 36. exf5 Qd7) 36. Qxd6 $18 (36. Nxe7 Nxf4 37. d5 Rde8 $15) 36... Qxd6+ 37. Nxd6 Bxh3 {[%emt 0:00:52] [#]} 38. Nxf7 $1 Rxf7 39. gxh3 (39. Kxh3 $18 {[%cal Of3g5] Strongly threatening Ng5+!.} Rxd4 (39... Bxd4 $2 40. Ng5+ hxg5 41. Rxf7+ Kh6 42. g4 $18) 40. Ng5+ hxg5 41. Rxf7) 39... Rc7 $2 (39... Bxd4 40. Ng5+ hxg5 41. Rxf7+ Kh6 42. Kg2 $16 (42. e5 Bc3 $18)) (39... Rxd4 $1 $14 40. Ref1 (40. Ng5+ hxg5 41. Rxf7 Rd2+ 42. Kg1 Kg8 $11) 40... Rd8) 40. e5 Nf4 41. Re4 Ne6 {[%emt 0:07:07] [#]} 42. d5 $1 Rxd5 {[%emt 0:10:51] [#]} (42... Ng5 43. Nxg5+) 43. Ba2 $1 Rcd7 44. Bxd5 Rxd5 45. Rd2 {[%emt 0:00:58] Repels Rd3} Rxd2+ 46. Nxd2 {[%emt 0:00:07][%mdl 4096] Endgame KRN-KBN} g5 47. Kg3 Kg6 48. Kf3 Kf5 $2 (48... h5 $16 49. Nf1 g4+ 50. hxg4 Ng5+ 51. Kf4 Nxe4) 49. Nf1 h5 50. Ne3+ Kg6 51. Kg3 Bh6 $2 (51... Bh8 52. Kf2 Bg7) 52. Nd5 Kf5 53. Re1 h4+ 54. Kg2 Bg7 55. Ne7+ Kf4 56. Kf2 g4 57. Nd5+ Kg5 58. hxg4 Kxg4 59. Nf6+ Kf5 60. Nd7 Bh6 (60... Nf4 $16 {was worth a try.}) 61. Rd1 Bf4 62. Rd3 Kg4 (62... Ng5 $16 63. Rd5 Nf7) 63. Nc5 Bg3+ $2 (63... Kf5 64. Rd6 (64. Nxa6 Bxe5 65. Rd5 Nf4 $18) 64... Nxc5 65. bxc5 Kxe5) 64. Kg1 Kf5 65. Rd6 (65. Rf3+ $142 Kg4 66. Rxg3+ hxg3 67. Nxe6) 65... Ng5 66. Rd5 (66. Nxa6 Nh3+ 67. Kg2 Nf4+ 68. Kh1 Kxe5 $18) 66... Nh3+ 67. Kh1 Nf4 68. Rd6 Kxe5 69. Rxa6 Kd5 70. Rb6 Kc4 71. Ne4 (71. Rf6 $16) 71... Nd5 ({Black should try} 71... Ne2 $1 $14) 72. Rc6+ Kb3 73. Rc5 Nb6 $2 (73... Ne7 $16) 74. Rxb5 Nc4 (74... Bc7 $142 75. Rc5 Bf4 76. Rc3+ Ka4 77. Nc5+ Kb5) 75. Nxg3 hxg3 {[%emt 0:00:52] [#]} 76. Ra5 $1 {[%emt 0:00:24] White wants to mate with Ra6.} Ne3 (76... Nb6 77. Ra6) 77. b5 {[%emt 0:00:50] White mates.} Nc4 78. Ra6 Kc3 79. Rc6 {[%emt 0:00:06] Weighted Error Value: White=0.24 (precise) /Black=0.34  Loses game:     	---       	Black=3      Mistake:       	White=5     	Black=11     Inaccurate:     	White=11    	Black=9      OK:         	White=14    	Black=16     Best:        	White=5     	Black=7      Strong:       	White=3     	---        Brilliant:      	White=1     	---} 1-0

[Event "FIDE WSTC Open 50 2025"]
[Site "Prague"]
[Date "2025.02.24"]
[Round "7.7"]
[White "Stohl, Igor"]
[Black "Hebden, Mark L"]
[Result "1/2-1/2"]
[Annotator "TA"]
[ECO "E62"]
[WhiteElo "2409"]
[BlackElo "2363"]
[PlyCount "37"]
[EventDate "2025.02.17"]
[EventType "team-tourn"]
[EventCountry "CZE"]
[SourceTitle "playchess.com"]
[Source "ChessBase"]
[SourceQuality "1"]
[TimeControl "40/5400+30:1800+30"]

1. d4 Nf6 2. Nf3 g6 3. g3 Bg7 4. Bg2 O-O 5. O-O d6 6. c4 Nc6 7. Nc3 e5 8. dxe5 dxe5 $1 {[%emt 0:00:14] 8...dxe5 is better than 8...Nxe5. E62: King's Indian: Fianchetto: 6...c6 and Panno Variation (6...Nc6) without ...a6.} 9. Bg5 h6 10. Qxd8 {[%emt 0:00:45] OK:         	White=2     	---} {Predecessor:} Rxd8 $146 11. Bxf6 Bxf6 12. Nd5 Kg7 13. Nxc7 Rb8 14. e4 Be7 15. Nd5 Bc5 16. Rfd1 Be6 17. b3 a5 18. Rd2 a4 19. bxa4 {½-½ Giri,A (2780)-Dubov,D (2710) MrDodgy Online Inv 2nd blitz 2021 (3.9)} 1/2-1/2